 Dungeon Crawl Stone Soup version 0.30.0-5-g1a98f26d00 (webtiles) character file.

Game seed: 15836644829504952340

88 Acheron the Trooper (level 4, -1/33 HPs)
             Began as an Octopode Chaos Knight on May 8, 2023.
             Was a Plaything of Xom.
             Slain by a hound (6 damage)
             ... on level 4 of the Dungeon.
             The game lasted 00:04:10 (1304 turns).

Acheron the Trooper (Octopode Chaos Knight)         Turns: 1304, Time: 00:04:10

Health: -1/33      AC:  1    Str: 11    XL:     4   Next: 54%
Magic:  5/5        EV: 13    Int: 14    God:    Xom [..*...]
Gold:   91         SH:  0    Dex: 13    Spells: 2/5 levels left

rFire   . . .        a - +0 hand axe (chaos)
rCold   . . .        (no shield)
rNeg    . . .        (helmet restricted)
rPois   .            (no amulet)
rElec   .            (no ring)
rCorr   .            (no ring)
SInv    .            (no ring)
Will    .....        (no ring)
Stlth   +++          (no ring)
HPRegen 0.25/turn    (no ring)
MPRegen 0.09/turn    (no ring)
                     (no ring)

%: no passive effects
@: no status effects
A: almost no armour, amphibious, 8 rings, camouflage 1, gelatinous body 1,
(nimble swimmer 1), tentacles
a: Renounce Religion


You were on level 4 of the Dungeon.
You worshipped Xom.
You were a toy of Xom.
You visited 1 branch of the dungeon, and saw 5 of its levels.

You collected 91 gold pieces.

Inventory:

Hand Weapons
 a - a +0 hand axe of chaos (weapon)
Missiles
 c - 4 javelins
 k - 5 boomerangs
Magical Staves
 h - a staff of cold
Jewellery
 o - an amulet of faith
Scrolls
 f - a scroll of acquirement {unknown}
 i - a scroll of noise {unknown}
 m - a scroll of immolation {unknown}
Potions
 d - 2 potions of berserk rage {unknown}
 e - a potion of attraction {unknown}
 g - 2 potions of curing {unknown}
 j - 2 potions of heal wounds {unknown}
 l - a potion of flight {unknown}
 n - 2 potions of degeneration {unknown}
 p - a potion of lignification {unknown}
Miscellaneous
 b - a piece from Xom's chessboard (15/15) (quivered)


   Skills:
 * Level 3.7 Fighting
 + Level 3.4 Axes
 * Level 2.8 Dodging
 * Level 2.0 Stealth
 * Level 1.1 Spellcasting
 * Level 1.1 Evocations


You had 2 spell levels left.
You knew the following spells:

 Your Spells              Type           Power      Damage    Failure   Level
a - Sandblast             Erth           0%         2d4       26%         1
b - Passwall              Tmut/Erth      0%         N/A       36%         2

Your spell library contained the following spells:

 Spells                   Type           Power      Damage    Failure   Level
 Freeze                   Ice            0%         1d3       26%         1
 Sting                    Tmut/Pois      0%         1d3       26%         1
 Poisonous Vapours        Pois/Air       0%         N/A       36%         2
 Sublimation of Blood     Necr           0%         N/A       36%         2
 Frozen Ramparts          Ice            0%         1d1       61%         3
 Hailstorm                Conj/Ice       0%         3d3       61%         3
 Stone Arrow              Conj/Erth      0%         3d7       61%         3
 Olgreb's Toxic Radiance  Pois           0%         N/A       95%         4
 Petrify                  Tmut/Erth      0%         N/A       95%         4
 Irradiate                Conj/Tmut      0%         3d11      100%        5


Dungeon Overview and Level Annotations

Branches:
Dungeon (5/15)
 Temple: D:4-7

Altars:


Innate Abilities, Weirdness & Mutations

You cannot wear most types of armour.
You are amphibious.
You can wear up to eight rings at the same time.
Your skin changes colour to match your surroundings (Stealth+).
Your rubbery body absorbs attacks. (AC +1, EV +1)
((You are camouflaged when in or above water. (Stealth+)))
You have tentacles for arms and can constrict up to eight enemies at once.


Message History

A hound comes into view.
You completely miss the ufetubus. Your grab misses the ufetubus.
Your squeeze misses the ufetubus. You barely miss the goblin.
You barely miss the quokka. The ufetubus misses you.
The ufetubus closely misses you. The quokka closely misses you.
The goblin hits you with a +0 club. The ufetubus closely misses you. x2
You barely miss the ufetubus. You grab the ufetubus. You squeeze the ufetubus.
The ufetubus is moderately wounded.
You closely miss the goblin. You hit the quokka. You constrict the ufetubus.
The quokka bites you. The ufetubus hits you. The ufetubus closely misses you.
The goblin barely misses you. The quokka barely misses you.
The ufetubus hits you. x2
You hit the ufetubus. You burn the ufetubus.
You kill the ufetubus!
You hit the goblin.
You kill the goblin!
You miss the quokka. The quokka barely misses you. The hound bites you.
Your Stealth skill increases to level 2!
You closely miss the hound. You grab the hound. You hit the quokka.
You burn the quokka.
You kill the quokka!
You constrict the hound, but do no damage.
The hound bites you. The hound completely misses you.
Unknown command.
You hit the hound.
The hound seems to speed up.
Your squeeze misses the hound.
The hound is moderately wounded.
You constrict the hound. The hound completely misses you.
The hound bites you but does no damage.
You hit the hound but do no damage.
The hound is poisoned.
The hound is heavily wounded.
You constrict the hound. "This might be better!"
The hound suddenly seems more resistant.
You are now a toy of Xom.
The hound bites you.
* * * LOW HITPOINT WARNING * * *
The hound bites you.
* * * LOW HITPOINT WARNING * * *
The hound bites you.
You die...

.^.....# .......#
......# #....##
#.... ##...#
#...†####.#
#...@h...#
##.)..)......
#######.#.########.
.#####.......#.##
..<....#..........#
.#####>........##.#
###†####### #.# #.#


You could see a hound (fast, resistant, very poisoned).

Vanquished Creatures
  A hound (D:4)
  A gnoll (D:1)
  An ufetubus (D:4)
  A dart slug (D:2)
  5 endoplasms
  4 giant cockroaches (D:1)
  8 goblins
  A hobgoblin (D:3)
  4 jackals (D:1)
  3 kobolds
  A quokka (D:4)
  3 ball pythons
  A bat (D:3)
  3 rats (D:1)
37 creatures vanquished.

Notes
Turn   | Place    | Note
-------+----------+-------------------------------------------
     0 | D:1      | Acheron the Octopode Chaos Knight began the quest for the
                  | Orb.
     0 | D:1      | Reached XP level 1. HP: 16/16 MP: 1/1
   129 | D:1      | Found a faded altar of an unknown god.
   138 | D:1      | Reached XP level 2. HP: 15/21 MP: 2/2
   484 | D:1      | XOM: potion effect (invisibility)
   489 | D:1      | XOM: silly message
   490 | D:1      | Reached skill level 1 in Stealth
   490 | D:1      | Reached XP level 3. HP: 26/26 MP: 3/3
   500 | D:1      | Learned a level 1 spell: Sandblast
   503 | D:1      | Learned a level 2 spell: Passwall
   907 | D:2      | XOM: 4-stop teleportation journey
  1190 | D:4      | XOM: butterfly on damage
  1192 | D:4      | Reached skill level 1 in Spellcasting
  1192 | D:4      | Reached skill level 1 in Evocations
  1192 | D:4      | Reached XP level 4. HP: 11/33 MP: 5/5
  1284 | D:5      | Entered Level 5 of the Dungeon
  1304 | D:4      | XOM: enchant monster (bad)
  1304 | D:4      | Slain by a hound

Illustrated notes

Levels and vault maps discovered:
D:1:      amcnicky_arrival_gap_in_the_tavern_cellar, layout_loops_ring,
          hellmonk_ecumenical_altar_slurped_away, supply_closet_lemuel,
          serial_bayou_lagoon_b
D:2:      layout_basic, solitary_fountain, hangedman_abyss_or_decor_lesser_grid,
          nicolae_kite_square_tiling_tiny, serial_bayou_pond_a,
          minmay_fractal_squares_gapless_5
D:3:      layout_basic, uniq_natasha
D:4:      layout_loops_ring, marbit_many_paths, minmay_temple_entry_trees
D:5:      layout_basic, lemuel_doored_altar, chequers_serial_rivers_micro_d,
          uniq_prince_ribbit1, uniq_eustachio

Skill      XL: |  1  2  3  4 |
---------------+-------------+-----
Stealth        | 1 2 |  2.0
Spellcasting   | 1 |  1.1
Evocations     | 1 |  1.1
Fighting       | |  3.7
Axes           | |  3.4
Dodging        | |  2.8

Action                     |  1- 3 |  4- 6 || total
---------------------------+-------+-------++-------
  Melee: Hand axe          |    64 |     7 ||    71
         Tentacles         |    18 |     1 ||    19
         Constrict         |    13 |     2 ||    15
   Stab: Sleeping          |     6 |       ||     6
         Invisible         |     1 |       ||     1
 Armour: Skin              |     3 |     1 ||     4
  Dodge: Dodged            |    35 |    14 ||    49
